 Dungeon Crawl Stone Soup version 0.25.0-9-g26727b657a (webtiles) character file.

Game seed: 5928587683682731843

1451 Esekla the Slasher (level 9, -2/67 HPs)
             Began as a Formicid Enchanter on June 17, 2020.
             Was an Initiate of Ru.
             Slain by a killer bee (9 damage)
             ... on level 9 of the Dungeon.
             The game lasted 00:48:35 (6587 turns).

Esekla the Slasher (Formicid Enchanter)             Turns: 6587, Time: 00:48:36

Health: -2/67      AC:  5    Str: 13    XL:     9   Next: 4%
Magic:  13/13      EV: 12    Int: 16    God:    Ru [......]
Gold:   212        SH:  0    Dex: 13    Spells: 5/13 levels left

rFire    . . .     SeeInvis +   h - +0 long sword
rCold    . . .     Gourm    .   (no shield)
rNeg     . . .     Faith    .   z - +0 leather armour {rPois}
rPois    +         Spirit   .   (helmet unavailable)
rElec    .         Reflect  .   w - +0 cloak
rCorr    .         Harm     .   f - +0 pair of gloves
MR       .....                  (no boots)
Stlth    +++.......             (no amulet)
HPRegen  0.21/turn              (no ring)
MPRegen  0.13/turn              e - +4 ring of slaying

@: lethally poisoned (-2 -> -4)
A: permanent stasis, dig shafts and tunnels, four strong arms, antennae 3
a: Dig, Shaft Self, Sacrifice Purity, Sacrifice Experience, Sacrifice Artifice,
Reject Sacrifices, Renounce Religion


You were on level 9 of the Dungeon.
You worshipped Ru.
Ru was noncommittal.
You were hungry.

You visited 1 branch of the dungeon, and saw 7 of its levels.
You also visited: Ossuary.

You collected 212 gold pieces.

Inventory:

Hand Weapons
 a - a +1 dagger
 h - a +0 long sword (weapon)
Armour
 f - a +0 pair of gloves (worn)
 w - a +0 cloak (worn)
 z - a +0 leather armour of poison resistance (worn)
Jewellery
 c - an uncursed ring of flight
 e - a +4 ring of slaying (right hand)
Wands
 r - a wand of enslavement (2)
Scrolls
 b - a scroll of magic mapping {unknown}
 i - 3 scrolls of immolation
 k - 2 scrolls of enchant armour {unknown}
 l - a scroll of fog {unknown}
 m - 3 scrolls of remove curse
 q - a scroll of fear {unknown}
 s - a scroll of amnesia {unknown}
 x - a scroll of random uselessness {unknown}
Potions
 g - 4 potions of brilliance
 n - 3 potions of stabbing
 o - a potion of mutation
 p - a potion of resistance
 u - a potion of might
 v - a potion of cancellation
 A - a potion of magic
 B - a potion of lignification {unknown}
Comestibles
 d - 7 rations


   Skills:
 * Level 4.9 Fighting
 + Level 2.7(4.2) Short Blades
 * Level 5.0(5.4) Long Blades
 * Level 3.5 Armour
 + Level 2.7 Dodging
 + Level 5.0 Stealth
 + Level 2.7 Spellcasting
 * Level 2.6 Conjurations
 + Level 4.6 Hexes
 * Level 2.2 Translocations


You had 5 spell levels left.
You knew the following spells:

 Your Spells              Type           Power        Failure   Level  Hunger
a - Apportation           Tloc           #.....       10%         1    #......
b - Corona                Hex            ###....      3%          1    #......
d - Dazzling Flash        Conj/Hex       ##....       16%         3    ###....
e - Tukima's Dance        Hex            ###.....     11%         3    ###....

Your spell library contained the following spells:

 Spells                   Type           Power        Failure   Level  Hunger
 Confusing Touch          Hex            ###.....     11%         3    ###....
 Ensorcelled Hibernation  Hex/Ice        #.....       14%         2    ##.....


Dungeon Overview and Level Annotations

Branches:
Dungeon (8/15)            Ossuary (visited)
 Temple: D:4-7         Lair: D:8-11

Altars:
Cheibriados
Elyvilon
Kikubaaqudgha
Okawaru
Ru
Sif Muna
Uskayaw
Vehumet
Wu Jian
Xom
Zin


Innate Abilities, Weirdness & Mutations

You cannot be hasted, slowed, berserked, paralysed or teleported.
You can dig through walls and to a lower floor.
Your four strong arms can wield two-handed weapons with a shield.
You have a pair of large antennae on your head. (SInv)


Message History

The killer bee barely misses you.
You riposte.
You hit the killer bee.
The killer bee is almost dead.
The killer bee stings you.
* * * LOW HITPOINT WARNING * * *
The killer bee closely misses you.
You barely miss the killer bee.
The killer bee is almost dead.
You feel sick. The killer bee barely misses you.
You riposte.
You barely miss the killer bee. The killer bee closely misses you.
The killer bee stings you!
* * * LOW HITPOINT WARNING * * *
The killer bee stings you but does no damage.
You hit the killer bee.
You kill the killer bee!
You feel sick. The killer bee misses you.
You riposte.
You hit the killer bee.
The killer bee is lightly wounded.
The killer bee stings you.
* * * LOW HITPOINT WARNING * * *
The killer bee stings you!
You die...

######............y.
....................
########......y.......#
#.############.# #.# #.#
#.# #.#
###########.############.#
.........................#
...............y@†.......#
###########..##########..#
#..# #..# #..# #..#
###########..##########..#
................y....†...#
..................(......#
##########################


You could see a killer bee.

Vanquished Creatures
  A hippogriff (D:9)
  An ogre (D:4)
  A sky beast (D:5)
  2 elf zombies (Ossuary)
  3 scorpions
  4 killer bees
  A crimson imp (D:5)
  A centaur zombie (Ossuary)
  Crazy Yiuf (D:3)
  2 orc priests (D:4)
  3 orc wizards
  2 human zombies (Ossuary)
  Ijyb (D:4)
  4 worker ants
  2 big kobold zombies (Ossuary)
  4 mummies
  3 adders
  An adder skeleton (D:4)
  5 adder zombies (Ossuary)
  A worm (D:3)
  3 leopard geckos
  9 orcs
  2 giant cockroaches
  2 gnoll zombies (Ossuary)
  8 goblins
  5 hobgoblins
  A quokka (D:2)
  5 bats
  6 frilled lizards
  2 goblin zombies
  3 hobgoblin zombies
  A jackal skeleton (D:4)
  3 jackal zombies (Ossuary)
  9 kobolds
  3 kobold zombies (Ossuary)
  An orc zombie (Ossuary)
  A quokka skeleton (D:4)
  8 quokka zombies (Ossuary)
  6 rats
  2 rat zombies (Ossuary)
123 creatures vanquished.

Notes
Turn   | Place    | Note
-------+----------+-------------------------------------------
     0 | D:1      | Esekla the Formicid Enchanter began the quest for the Orb.
     0 | D:1      | Reached XP level 1. HP: 13/13 MP: 3/3
   155 | D:1      | Reached XP level 2. HP: 13/20 MP: 5/5
   693 | D:2      | Reached skill level 1 in Fighting
   760 | D:2      | Reached XP level 3. HP: 24/26 MP: 4/6
   966 | D:2      | Noticed a +0 dagger
   966 | D:2      | Noticed a +0 hand axe
   973 | D:2      | Found a hide-covered altar of Uskayaw.
  1067 | D:2      | Found an iron altar of Okawaru.
  1069 | D:2      | Found a snail-covered altar of Cheibriados.
  1607 | D:3      | Found a white marble altar of Elyvilon.
  1654 | D:3      | Reached XP level 4. HP: 11/33 MP: 7/7
  2066 | D:3      | Found a faded altar of an unknown god.
  2075 | D:3      | Became a worshipper of Ru the Awakened
  2118 | D:3      | Reached XP level 5. HP: 38/38 MP: 8/8
  2279 | D:3      | Found a radiant altar of Vehumet.
  2284 | D:3      | Found an ancient bone altar of Kikubaaqudgha.
  2286 | D:3      | Found a shimmering blue altar of Sif Muna.
  2303 | D:3      | Identified Sif Muna's Tome of the Compass
  2307 | D:3      | Learned a level 1 spell: Apportation
  2527 | D:3      | Found a runed translucent door.
  2528 | D:3      | Noticed Crazy Yiuf
  2535 | D:3      | Killed Crazy Yiuf
  2907 | D:4      | Noticed Ijyb
  2974 | D:4      | Learned a level 3 spell: Dazzling Flash
  2995 | D:4      | Killed Ijyb
  3135 | D:4      | Found a shimmering altar of Xom.
  3178 | D:4      | Reached XP level 6. HP: 20/46 MP: 8/10
  3183 | D:4      | Learned a level 3 spell: Tukima's Dance
  3416 | D:4      | Found an ornate altar of the Wu Jian Council.
  3436 | D:4      | Noticed an ogre
  3445 | D:4      | Killed an ogre
  3445 | D:4      | Reached skill level 1 in Long Blades
  3445 | D:4      | Reached skill level 1 in Conjurations
  3445 | D:4      | Reached skill level 1 in Translocations
  3734 | D:4      | Reached XP level 7. HP: 43/52 MP: 4/11
  3791 | D:4      | Found a glowing silver altar of Zin.
  4388 | D:5      | Entered Level 5 of the Dungeon
  4446 | D:5      | Reached skill level 1 in Armour
  4673 | D:5      | You fall into a shaft and drop 3 floors!
  4779 | D:8      | Noticed a queen bee
  4831 | D:8      | Found a sand-covered staircase.
  4838 | Ossuary  | Entered an ossuary
  4891 | Ossuary  | Reached XP level 8. HP: 55/60 MP: 12/12
  5895 | D:8      | HP: 3/60 [killer bee (4)]
  5896 | D:8      | You fall into a shaft and drop 1 floor!
  6228 | D:9      | Noticed a hippogriff
  6239 | D:9      | Killed a hippogriff
  6239 | D:9      | Reached skill level 5 in Long Blades
  6397 | D:9      | Reached skill level 5 in Stealth
  6529 | D:9      | Reached XP level 9. HP: 9/67 MP: 13/13
  6587 | D:9      | Slain by a killer bee

Illustrated notes

Levels and vault maps discovered:
D:1:      wander_arrival_peaceful_grave, layout_rooms
D:2:      layout_basic, dancing_weapons_uskayaw, nicolae_overflow_hidden_temple,
          first_ration
D:3:      layout_basic, grunt_temple_overflow_magic_moments, elyvilon_altar_3,
          chequers_ecumenical_altar_grove, uniq_crazy_yiuf_cottage
D:4:      layout_rooms, nicolae_overflow_crystal_walls, old_standard_altar,
          kennysheep_mini, dk_noncrumbling_3, uniq_ijyb
D:5:      layout_basic, minmay_temple_entry_wispy, roderic_roman_lattice,
          nicolae_tso_carved_into_rock, uniq_sigmund
D:8:      layout_loops_ring, nicolae_ossuary_entry_giza, david_nohive_1,
          uniq_grum
D:9:      minmay_razor_zed, layout_long_grid, cheibrodos_ashenzari_chains,
          lemuel_round_altar, serial_shops, shop, guppyfry_early_elven_hall

Skill      XL: |  1  2  3  4  5  6  7  8 |
---------------+-------------------------+-----
Hexes          | 4 |  4.6
Fighting       | 1 2 3 4 |  4.9
Dodging        | 2 |  2.7
Stealth        | 4 5 |  5.0
Short Blades   | 2 |  2.7
Long Blades    | 1 3 5 |  5.0
Conjurations   | 1 2 |  2.6
Translocations | 1 2 |  2.2
Armour         | 1 3 |  3.5
Spellcasting   | |  2.7

Action                   |  1- 3 |  4- 6 |  7- 9 || total
-------------------------+-------+-------+-------++-------
Melee: Dagger            |    78 |    69 |    27 ||   174
       Long sword        |       |    37 |   237 ||   274
 Cast: Corona            |     3 |     2 |     1 ||     6
       Dazzling Flash    |       |     1 |       ||     1
       Tukima's Dance    |       |     2 |       ||     2
 Abil: Shaft Self        |       |       |     2 ||     2
  Use: Scroll            |       |     5 |     7 ||    12
       Potion            |       |     1 |     3 ||     4
 Stab: Sleeping          |     3 |     4 |     5 ||    12
  Eat: Chunk             |     1 |     7 |     1 ||     9
       Ration            |       |       |     3 ||     3
Armor: Robe              |    17 |     4 |       ||    21
       Leather armour    |       |    12 |    66 ||    78
Dodge: Dodged            |    44 |    41 |   198 ||   283
       Rpst.: Long sword |       |     3 |    51 ||    54
